 Dungeon Crawl Stone Soup version 0.17.1-2-g5865329 (webtiles) character file.

30 HerzogEisenfaust the Vexing (level 3, 0/20 HPs)
             Began as a Kobold Arcane Marksman on Jan 11, 2016.
             Succumbed to an adder's poison
             ... on level 2 of the Dungeon.
             The game lasted 00:06:55 (778 turns).

HerzogEisenfaust the Vexing (Kobold Arcane Marksman) Turns: 778, Time: 00:06:56

Health: 0/20       AC:  4    Str:  9    XL:     3   Next: 35%
Magic:  4/4        EV: 15    Int: 11    God:
Gold:   41         SH:  0    Dex: 16    Spells: 1 memorised, 3 levels left

rFire  . . .     SeeInvis .     a - +0 hunting sling
rCold  . . .     Clarity  .     i - +0 leather armour
rNeg   . . .     SustAt   .     (shield restricted)
rPois  .         Gourm    .     (no helmet)
rElec  .         Spirit   .     k - +0 cloak
rCorr  .         Warding  .     (no gloves)
rMut   .         Stasis   .     (no boots)
MR     .....                    (no amulet)
Stlth  +.........               (no ring)
                                (no ring)

@: lethally poisoned (0 -> -4), not resistant to hostile enchantments, very
unstealthy
A: carnivore 3
a: no special abilities


You were on level 2 of the Dungeon.
You were not hungry.

You visited 1 branch of the dungeon, and saw 2 of its levels.

You collected 41 gold pieces.

Inventory:

Hand Weapons
 a - a +0 hunting sling (weapon)
Missiles
 d - a sling bullet (quivered)
 f - 15 arrows of frost
 g - 16 stones
 o - 16 bolts
 p - 22 arrows
Armour
 b - a +0 robe
 i - a +0 leather armour (worn)
 k - a +0 cloak (worn)
Scrolls
 l - a scroll of identify {unknown}
 q - a scroll of remove curse {unknown}
 r - a scroll of random uselessness {unknown}
 s - a scroll of fear {unknown}
Potions
 m - a potion of mutation {unknown}
 n - a potion of curing {unknown}
Books
 c - a book of Debilitation

   Spells                             Type                      Level
   a - Corona                         Hexes                        1
   b - Slow                           Hexes                        2
   c - Gell's Gravitas                Hexes/Translocation          3
   d - Inner Flame                    Hexes/Fire                   3
   e - Cause Fear                     Hexes                        4
   f - Leda's Liquefaction            Hexes/Earth                  4
Comestibles
 e - a meat ration
 h - a slice of pizza


   Skills:
 + Level 1.2 Fighting
 + Level 3.2 Slings
 + Level 2.9 Dodging
 + Level 0.4 Stealth
 + Level 1.0 Spellcasting
 + Level 3.4 Hexes


You had 3 spell levels left.
You knew the following spells:

 Your Spells              Type           Power        Failure   Level  Hunger
a - Corona                Hex            #......      12%         1    ##.....


Dungeon Overview and Level Annotations

Branches:
Dungeon (2/15)

Altars:


Innate Abilities, Weirdness & Mutations

You are small and have problems with some larger weapons.
You are carnivorous and can eat meat at any time.


Message History

The adder poisons you! The adder completely misses you.
* * * LOW HITPOINT WARNING * * *
You feel sick.
Firing (i - inventory. (,) - cycle):
d - 2 sling bullets (quivered)
Press: ? - help, Shift-Dir - straight line, f/p - adder
Aim: an adder (heavily wounded)
You shoot a sling bullet. The sling bullet hits the adder!
You kill the adder!
Your Slings skill increases to level 3!
You have reached level 3!
Your experience leads to an increase in your attributes!
Increase (S)trength, (I)ntelligence, or (D)exterity?
You feel agile.
* * * LOW HITPOINT WARNING * * *
You feel sick.
Eat a chunk of flesh? (ye/n/q/i?) This raw flesh tastes great.
You continue eating. x2
You die...

#.# .. (.#.# #.# #.#
#.# . ##.# #.#.# #.#
#.# #.#
#.#...##.#.###.# #.#
#.# #
#....<....(...###.#
#.#
.#.#...#..#..(.....(#
#.#
#.##...#..#..######.#
#.# #.#
#........#####.# #.#
#.# ..#.........(..#
#.#
##.#######.@........##
#.#
#..............####.#
#.####............#.#
#.#
#........##########.#
#.# ########## #.# #.#
#.# #.# #.# #.#


There were no monsters in sight!

Vanquished Creatures
  An adder (D:2)
  A worm (D:2)
  2 bats (D:1)
  2 giant cockroaches (D:1)
  2 goblins (D:1)
  3 hobgoblins (D:1)
  5 kobolds (D:1)
16 creatures vanquished.

Notes
Turn   | Place    | Note
--------------------------------------------------------------
     0 | D:1      | HerzogEisenfaust the Kobold Arcane Marksman began the quest for the Orb.
     0 | D:1      | Reached XP level 1. HP: 12/12 MP: 2/2
   349 | D:1      | Reached XP level 2. HP: 16/16 MP: 3/3
   774 | D:2      | Reached XP level 3. HP: 2/20 MP: 4/4
   775 | D:2      | HP: 1/20 [poisoned by an adder]
   778 | D:2      | Succumbed to an adder's poison

Action                   || total
-------------------------++-------
Melee: Hunting sling     ||     1
 Fire: Hunting sling     ||    56
 Cast: Corona            ||     2
  Eat: Chunk             ||     1
